 Dungeon Crawl Stone Soup version 0.28-a0-203-gf40de95187 (console) character file.

Game seed: 10855822918219618908

28 FIQ the Gusty (level 2, 0/19 HPs)
             Began as a Demonspawn Air Elementalist on Aug 20, 2021.
             Was a Follower of Yredelemnul.
             Slain by an orc (2 damage)
             ... on level 1 of the Dungeon.
             The game lasted 00:03:28 (1553 turns).

FIQ the Gusty (Demonspawn Air Elementalist)         Turns: 1553, Time: 00:03:29

Health: 0/19       AC:  2    Str:  8    XL:     2   Next: 96%
Magic:  5/5        EV: 12    Int: 16    God:    Yredelemnul [*.....]
Gold:   39         SH:  0    Dex: 13    Spells: 4/5 levels left

rFire   . . .      SeeInvis .   (no weapon)
rCold   . . .      Faith    .   (no shield)
rNeg    + . .      Spirit   .   a - +0 robe
rPois   .          Reflect  .   (no helmet)
rElec   .          Harm     .   (no cloak)
rCorr   .          Rampage  .   (no gloves)
Will    .....                   (no boots)
Stlth   ++........              (no amulet)
HPRegen 0.06/turn               g - ring of positive energy
MPRegen 0.09/turn               (no ring)

@: no status effects
A: ignite blood 1
a: Renounce Religion, Animate Remains


You were on level 1 of the Dungeon.
You worshipped Yredelemnul.
Yredelemnul was aware of your devotion.
You visited 1 branch of the dungeon, and saw 2 of its levels.

You collected 39 gold pieces.

Inventory:

Armour
 a - a +0 robe (worn)
Jewellery
 g - a ring of positive energy (left hand)
Scrolls
 b - a scroll of immolation {unknown}
 c - 3 scrolls of teleportation {unknown}
 e - a scroll of identify {unknown}
 f - a scroll of fog {unknown}
Potions
 d - a potion of attraction {unknown}


   Skills:
 - Level 1.7 Dodging
 - Level 1.7 Stealth
 - Level 2.0 Spellcasting
 - Level 1.0 Conjurations
 * Level 3.6 Air Magic
 + Level 1.1 Invocations


You had 4 spell levels left.
You knew the following spells:

 Your Spells              Type           Power      Damage    Failure   Level
a - Shock                 Conj/Air       36%        1d5       8%          1

Your spell library contained the following spells:

 Spells                   Type           Power      Damage    Failure   Level
 Static Discharge         Conj/Air       9%         N/A       12%         2
 Swiftness                Air            13%        N/A       14%         3
 Blink                    Tloc           N/A        N/A       30%         2
 Airstrike                Air            6%         N/A       41%         4
 Manifold Assault         Tloc           1%         N/A       99%         5
 Storm Form               Tmut/Air       3%         N/A       100%        7


Dungeon Overview and Level Annotations

Branches:
Dungeon (2/15)

Altars:
Yredelemnul

Shops:
D:1 [


Innate Abilities, Weirdness & Mutations

Your demonic aura sometimes causes spilled blood to erupt in flames.


Message History

Done exploring.
Done exploring.
There are no items here.
g - a ring of positive energy (left hand) Search for what [Enter for "god", or ? for help]? armo Search for what [Enter for "armo", or ? for help]? mele Done exploring.
Done exploring.
Done exploring.
(D) Dungeon
Where to? (Enter - D:1 @ (x,y), ? - help)
What level of the Dungeon? (default 1, ? - help)
There is a stone staircase leading down here.
You climb downwards.
Found a stone staircase leading down.
There is a stone staircase leading up here.
An orc comes into view. It is wielding a +0 flail.
An orc is nearby!
The orc shouts!
You hear a shout!
An orc comes into view. It is wielding a +0 whip.
You hear a shout!
You hear an angry hiss.
An orc comes into view. It is wielding a +0 dagger.
A quokka comes into view.
The orc barely misses you. The orc hits you with a +0 flail.
There is a stone staircase leading up here.
You climb upwards.
There is a stone staircase leading down here.
HP restored.
Done exploring.
You climb downwards.
The orc closely misses you. The orc hits you with a +0 flail!
There is a stone staircase leading up, spattered with blood here.
The orc hits you with a +0 flail!
* * * LOW HITPOINT WARNING * * *
You climb upwards.
There is a stone staircase leading down here.
The orc hits you with a +0 dagger.
You die...
Your body rises from the dead as a mindless zombie.

....#......#.#####.#####.#.#
#...#.######.# #.#######.#
..#...# #....# #.#.......#
###.#####.########.#.#########
#.......#........#.#.##......#
#.#...#..........#.#.##.####.#
..########.......#.#.##.# #.#
.....>...+......o>.#.##.# #.#
##'#######......@o##.##.# #.#
#...............^.......####.#
#.........#########(.........#
#.........# #.##########
#.........# #.# #.........#
#.# #.........# #.#
.........## #.#
################ #.#


You could see 2 orcs.

Vanquished Creatures
  A dart slug (D:1)
  2 bats (D:1)
  An endoplasm (D:1)
  A giant cockroach (D:1)
  5 goblins (D:1)
  6 hobgoblins (D:1)
  2 kobolds (D:1)
  A quokka (D:1)
  A rat (D:1)
20 creatures vanquished.

Notes
Turn   | Place    | Note
-------+----------+-------------------------------------------
     0 | D:1      | FIQ the Demonspawn Air Elementalist began the quest for the
                  | Orb.
     0 | D:1      | Reached XP level 1. HP: 13/13 MP: 3/3
    77 | D:1      | Reached skill level 3 in Air Magic
   422 | D:1      | Gained mutation: Your demonic aura sometimes causes spilled
                  | blood to erupt in flames. [demonic ancestry]
   422 | D:1      | Reached XP level 2. HP: 19/19 MP: 0/5
   474 | D:1      | Found a faded altar of an unknown god.
   518 | D:1      | Became a worshipper of Yredelemnul the Dark
   518 | D:1      | Reached * piety under Yredelemnul
   742 | D:1      | Found Ihuosoc's Armour Shop.
  1026 | D:1      | Reached skill level 1 in Invocations
  1553 | D:1      | Slain by an orc

Illustrated notes

Levels and vault maps discovered:
D:1:      elethiomel_arrival_maze, layout_basic, serial_shops, shop,
          hellmonk_ecumenical_altar_pennies_from_heaven
D:2:      layout_basic, serial_shops, shop

Skill      XL: |  1  2 |
---------------+-------+-----
Air Magic      | 3 |  3.6
Invocations    | 1 |  1.1
Dodging        | |  1.7
Stealth        | |  1.7
Spellcasting   | |  2.0
Conjurations   | |  1.0

Action                   || total
-------------------------++-------
Melee: Unarmed           ||    16
 Cast: Shock             ||    28
Armor: Robe              ||     7
Dodge: Dodged            ||    21

Table legend: (Time is in decaauts)
 A = Elapsed time spent in this place.
 B = Non-inter-level travel time spent in this place.
 C = Inter-level travel time spent in this place.
 D = Time resting spent in this place.
 E = Time spent auto-exploring this place.
 F = Levels seen in this place.
 G = Mean time per level.
                   A        B        C        D        E       F      G
               +--------+--------+--------+--------+--------+-----+--------+
         Total |   1556 |   1532 |     24 |      0 |   1308 |   2 |  778.0 |
       Dungeon |   1556 |   1532 |     24 |      0 |   1308 |   2 |  778.0 |
               +--------+--------+--------+--------+--------+-----+--------+

Top non-repeatable levels by time:
     D:1: 1523 daAuts
     D:2: 32 daAuts
